 Dungeon Crawl Stone Soup version 0.30-b1-2-g02819fbbbe (webtiles) character file.

Game seed: 4548878740917489768

5972 Mesmaeker13 the Shooter (level 10, -1/84 HPs)
             Began as a Demigod Hexslinger on July 18, 2023.
             Killed from afar by Erica (25 damage)
             ... with a lance of force
             ... on level 9 of the Dungeon.
             The game lasted 00:24:15 (10987 turns).

Mesmaeker13 the Shooter (Demigod Hexslinger)       Turns: 10987, Time: 00:24:16

Health: -1/84      AC: 12    Str: 15    XL:     10   Next: 30%
Magic:  18/18      EV: 17    Int: 19    God:
Gold:   555        SH:  0    Dex: 24    Spells: 8/16 levels left

rFire   . . .        s - +0 shortbow
rCold   . . .        (shield currently unavailable)
rNeg    . . .        g - +3 ring mail
rPois   .            (no helmet)
rElec   .            (no cloak)
rCorr   .            E - +0 pair of gloves
SInv    .            f - +0 pair of boots
Will    +....        (no amulet)
Stlth   +            i - +5 ring of evasion
HPRegen 0.34/turn    n - +6 ring of dexterity
MPRegen 0.16/turn

%: no passive effects
@: lethally poisoned (-1 -> -13), about to teleport, slowed, very slow
A: high MP 1, forlorn, divine attributes
a: no special abilities


You were on level 9 of the Dungeon.
You visited 1 branch of the dungeon, and saw 10 of its levels.

You collected 555 gold pieces.

Inventory:

Hand Weapons
 a - a +4 spear of freezing
 e - a +4 heavy long sword
 s - a +0 shortbow (weapon)
Armour
 f - a +0 pair of boots (worn)
 g - a +3 ring mail (worn)
 p - a +2 leather armour of willpower
 t - +0 acid dragon scales
 E - a +0 pair of gloves (worn)
Jewellery
 i - a +5 ring of evasion (left hand)
 l - a ring of protection from fire
 n - a +6 ring of dexterity (right hand)
 F - a +6 ring of intelligence
Wands
 c - a wand of paralysis (4)
Scrolls
 b - 3 scrolls of poison
 h - 2 scrolls of noise
 j - 2 scrolls of teleportation
 r - a scroll of fog {unknown}
 v - 2 scrolls of torment
 w - 3 scrolls of enchant armour
 y - a scroll of blinking {unknown}
 z - 2 scrolls of fear {unknown}
 B - a scroll of amnesia
 D - 2 scrolls of vulnerability {unknown}
Potions
 d - 8 potions of curing
 k - a potion of heal wounds
 m - 2 potions of flight
 o - a potion of degeneration {unknown}
 q - a potion of might
 A - 2 potions of haste {unknown}
 C - 4 potions of brilliance {unknown}
 G - a potion of attraction {unknown}
Miscellaneous
 x - a condenser vane (inert)


   Skills:
 + Level 6.8 Fighting
 + Level 7.3 Ranged Weapons
 + Level 6.9 Armour
 - Level 2.0 Dodging
 + Level 3.6 Spellcasting
 - Level 5.1 Hexes
 + Level 5.4 Fire Magic


You had 8 spell levels left.
You knew the following spells:

 Your Spells              Type           Power      Damage    Failure   Level
a - Slow                  Hex            92%        N/A       3%          1
b - Inner Flame           Hex/Fire       23%        N/A       9%          3
c - Cause Fear            Hex            11%        N/A       30%         4

Your spell library contained the following spells:

 Spells                   Type           Power      Damage    Failure   Level
 Ensorcelled Hibernation  Hex/Ice        26%        N/A       14%         2
 Apportation              Tloc           6%         N/A       26%         1
 Necrotise                Necr           12%        1d4       26%         1
 Summon Small Mammal      Summ           12%        N/A       26%         1
 Portal Projectile        Hex/Tloc       26%        N/A       26%         3
 Summon Guardian Golem    Hex/Summ       13%        N/A       26%         3
 Passwall                 Tmut/Erth      2%         N/A       36%         2
 Call Canine Familiar     Summ           3%         N/A       61%         3
 Spider Form              Tmut/Pois      3%         N/A       61%         3
 Swiftness                Air            3%         N/A       61%         3
 Anguish                  Hex/Necr       6%         N/A       65%         4
 Fireball                 Conj/Fire      6%         3d5       93%         5
 Iskenderun's Battlesphe  Conj           3%         2d6       100%        5
 Conjure Ball Lightning   Conj/Air       1%         3x3d6     100%        6
 Orb of Destruction       Conj           1%         9d5       100%        7


Dungeon Overview and Level Annotations

Branches:
Dungeon (10/15)            Temple (0/1) D:5
   Lair: D:8-11         Orc: D:9-12

Annotations:
D:9 Erica


Innate Abilities, Weirdness & Mutations

You have an increased reservoir of magic. (+10% MP)
You shall have no god before yourself.
Your divine heritage dramatically boosts your attributes as you level up.


Message History

There is an open door here.
Erica is nearby!
Erica shouts!
Erica casts a spell at you.
You are confused.
You are too confused!
Erica gestures at you while chanting. The bolt of poison hits you!!
You are poisoned.
You're too confused to move!
You feel very sick.
You feel sick.
You feel sick.
There is a stone staircase leading up here.
You bump into the rock wall.
You feel sick.
You feel sick.
You bump into the rock wall.
You feel less confused.
You feel sick. Erica casts a spell at you.
You feel yourself slow down.
You feel sick.
There is a stone staircase leading up here.
Okay, then.
You feel sick. Erica hits you but does no damage. Erica misses you.
You climb upwards.
You feel sick.
You are no longer poisoned.
There is a stone staircase leading down here.
As you read the scroll of teleportation, it crumbles to dust.
You feel strangely unstable.
Erica hits you with a +4 scimitar of flaming!
Erica burns you. Erica attacks as you move away! Erica misses you.
Erica points at you and mumbles some strange words.
The bolt of poison hits you!
You are poisoned.
* * * LOW HITPOINT WARNING * * *
Erica gestures at you while chanting. The lance of force hits you!!
You die...

########### ########
#.........####...#...
#####....>@...'.####.####
#########...'...@....[#.##.......
......##..###.........#..'.######
......##.## #.........####.#...#.
.........# #.........# #.#)#)##
...<..#### #.........# #...#...
##.#### ########'## ########
#.### #.# #...# #.# ####'####
##.#


You could see Erica.

Vanquished Creatures
  A two-headed ogre (D:9)
  Joseph (D:7)
  Prince Ribbit (D:4)
  6 yaks (D:9)
  A wyvern (D:10)
  2 steam dragons (D:8)
  An acid dragon (D:9)
  4 water moccasins
  2 orc warriors
  An ice beast (D:6)
  2 sky beasts (D:7)
  A black bear (D:6)
  2 ogres
  A centaur (D:5)
  2 phantoms
  6 bullfrogs
  7 scorpions
  4 wights
  4 killer bees (D:8)
  2 howler monkeys
  2 jellies (D:8)
  A sleepcap (D:4)
  3 orc priests
  A gnoll bouda (D:7)
  6 iguanas
  Ijyb (D:4)
  6 orc wizards
  9 gnolls
  8 adders
  2 shadow imps
  4 white imps
  An ufetubus (D:6)
  3 worms (D:2)
  2 dart slugs (D:2)
  32 orcs
  4 ball pythons
  5 endoplasms
  8 giant cockroaches
  7 goblins
  6 hobgoblins
  3 jackals (D:4)
  4 quokkas
  6 bats
  5 frilled lizards
  3 kobolds
  22 rats
  A butterfly (D:8)
206 creatures vanquished.

Vanquished Creatures (others)
  An orc (D:9)
1 creature vanquished.

Grand Total: 207 creatures vanquished

Notes
Turn   | Place    | Note
-------+----------+-------------------------------------------
     0 | D:1      | Mesmaeker13 the Demigod Hexslinger began the quest for the
                  | Orb.
     0 | D:1      | Reached XP level 1. HP: 15/15 MP: 4/4
   171 | D:1      | Reached skill level 2 in Ranged Weapons
   284 | D:1      | Reached XP level 2. HP: 22/22 MP: 4/6
   834 | D:2      | Reached XP level 3. HP: 23/27 MP: 7/7
  1048 | D:2      | Reached skill level 1 in Armour
  2069 | D:3      | Reached XP level 4. HP: 34/34 MP: 9/9
  2515 | D:3      | Identified the +0 chain mail of the Orcish Mines {rElec}
  3118 | D:3      | Learned a level 3 spell: Inner Flame
  3130 | D:3      | Reached skill level 1 in Fighting
  3130 | D:3      | Reached XP level 5. HP: 33/40 MP: 10/10
  3210 | D:4      | Reached skill level 3 in Ranged Weapons
  3495 | D:4      | Reached XP level 6. HP: 38/48 MP: 12/12
  4188 | D:5      | Entered Level 5 of the Dungeon
  4269 | D:5      | Reached XP level 7. HP: 24/56 MP: 13/13
  4272 | D:5      | Reached skill level 4 in Ranged Weapons
  4396 | D:5      | Noticed Prince Ribbit
  4405 | D:5      | Noticed Ijyb
  4420 | D:4      | Killed Prince Ribbit
  4421 | D:4      | Reached skill level 5 in Hexes
  4573 | D:4      | Killed Ijyb
  4767 | D:5      | Reached skill level 1 in Fire Magic
  4767 | D:5      | Reached XP level 8. HP: 66/66 MP: 14/14
  5081 | D:5      | Found a staircase to the Ecumenical Temple.
  5779 | D:6      | Reached skill level 5 in Ranged Weapons
  6501 | D:7      | Noticed Joseph
  6679 | D:7      | Reached skill level 5 in Armour
  6760 | D:8      | Reached skill level 5 in Fighting
  6959 | D:8      | Reached XP level 9. HP: 74/74 MP: 15/15
  7027 | D:8      | Reached skill level 6 in Ranged Weapons
  7737 | D:7      | Killed Joseph
  9116 | D:7      | Learned a level 4 spell: Cause Fear
  9195 | D:9      | Noticed a two-headed ogre
  9791 | D:9      | Reached skill level 7 in Ranged Weapons
  9791 | D:9      | Reached skill level 5 in Fire Magic
  9791 | D:9      | Reached XP level 10. HP: 84/84 MP: 10/17
 10546 | D:9      | Killed a two-headed ogre
 10688 | D:10     | Entered Level 10 of the Dungeon
 10841 | D:10     | Noticed Erica
 10987 | D:9      | Killed from afar by Erica

Illustrated notes

Levels and vault maps discovered:
D:1:      dpeg_chamrin_arrival_tetris, layout_loops_ring
D:2:      kennysheep_six_static_rooms, layout_loops_corners, basic_altar,
          minivault_14, minmay_rat_hole
D:3:      layout_basic, nicolae_ashenzari_panopticon,
          nicolae_tso_swordbearing_angel
D:4:      layout_cave_pools, mainiacjoe_overflow_concentric_impassable
D:5:      layout_rooms, kiku_gazebo_pond_becter, minmay_temple_entry_overgrown,
          uniq_prince_ribbit1, uniq_ijyb
D:6:      layout_cave_pods, nicolae_sif_muna_condensation
D:7:      layout_gridville, elyvilon_altar_1, trog_butcher_becter, uniq_joseph
D:8:      layout_loops_ring, nicolae_qazlal_general_emergency, xom_butterflies
D:9:      layout_roguey, serial_bayou_pond_c, roderic_lattice_a
D:10:     layout_stronghold, general_overflow_altar,
          gammafunk_temple_overflow_wave, lair_entry_dummy, grunt_ministairs_2,
          uniq_erica

Skill      XL: |  1  2  3  4  5  6  7  8  9 |
---------------+----------------------------+-----
Ranged Weapons | 2 3 4 5 7 |  7.3
Dodging        | 2 |  2.0
Hexes          | 3 4 5 |  5.1
Armour         | 1 2 3 4 5 6 |  6.9
Spellcasting   | 2 3 |  3.6
Fighting       | 1 2 3 5 6 |  6.8
Fire Magic     | 1 3 5 |  5.4

Action                     |  1- 3 |  4- 6 |  7- 9 | 10-12 || total
---------------------------+-------+-------+-------+-------++-------
  Melee: Short sword       |     3 |    46 |    24 |       ||    73
         Punch             |       |     1 |       |       ||     1
         Long sword        |       |       |    37 |     2 ||    39
   Fire: Sling             |   218 |    39 |       |       ||   257
         Shortbow          |       |   155 |   353 |    68 ||   576
   Cast: Slow              |     2 |     8 |    19 |     2 ||    31
         Inner Flame       |       |       |     8 |       ||     8
  Evoke: Wand              |       |       |     6 |     1 ||     7
         Condenser vane    |       |       |       |     1 ||     1
    Use: Potion            |       |     1 |     8 |     1 ||    10
         Scroll            |       |       |     6 |     2 ||     8
   Stab: Sleeping          |     1 |       |       |       ||     1
 Armour: Robe              |    29 |    11 |       |       ||    40
         Ring mail         |       |    34 |    85 |    13 ||   132
  Dodge: Dodged            |    76 |   108 |   238 |    34 ||   456
